Map: Orbital Shipyard

Players

TuA - Winner!

  • Race: Protoss Protoss
  • League: Platinum

A.I. 1 (Very Easy)

  • Race: Zerg Zerg

VOD

Have the link to the VOD?

Description

Time

  • Played on: Dec. 10, 2015, 10:19 a.m.
  • Length: 10:41
Show
View Real Time Build Order
Export as new Build Order

TuA Protoss - Winner!

Build Orders: Nexus First, Zealot Archon 

Get SALT Encoding   

  12  0:01  Probe (Chrono Boost)  
  13  0:11  Probe (Chrono Boost)  
  14  0:17  Pylon  
  14  0:22  Probe (Chrono Boost)  
  15  0:35  Probe (Chrono Boost)  
  16  0:46  Probe (Chrono Boost)  
  18  0:57  Probe (Chrono Boost)  
  18  1:01  Nexus  
  18  1:12  Gateway  
  18  1:17  Assimilator  
  18  1:23  Assimilator  
  18  1:24  Probe (Chrono Boost)  
  19  1:34  Probe (Chrono Boost)  
  19  1:39  Forge  
  21  1:47  Probe (Chrono Boost)  
  21  1:57  Probe (Chrono Boost)  
  21  1:59  Cybernetics Core  
  22  2:08  Probe (Chrono Boost)  
  23  2:13  Probe (Chrono Boost)  
  23  2:14  Protoss Ground Weapons Level 1  
  24  2:19  Probe (Chrono Boost)  
  25  2:24  Probe (Chrono Boost)  
  27  2:30  Probe (Chrono Boost)  
  27  2:34  Probe (Chrono Boost)  
  27  2:35  Adept  
  27  2:36  Warp Gate  
  30  2:41  Mothership Core (Chrono Boost)  
  32  2:45  Probe (Chrono Boost)  
  32  2:47  Pylon  
  33  2:55  Probe (Chrono Boost)  
  34  2:59  Probe (Chrono Boost)  
  35  3:06  Probe (Chrono Boost)  
  35  3:09  Probe (Chrono Boost)  
  37  3:16  Probe (Chrono Boost)  
  37  3:17  Sentry  
  40  3:21  Nexus  
  40  3:24  Pylon  
  41  3:27  Probe (Chrono Boost)  
  41  3:28  Probe (Chrono Boost)  
  41  3:32  Assimilator  
  42  3:37  Probe (Chrono Boost), Assimilator  
  42  3:38  Probe (Chrono Boost)  
  44  3:50  Probe (Chrono Boost)  
  44  3:52  Probe (Chrono Boost)  
  44  3:53  Sentry  
  48  3:56  Twilight Council  
  48  4:01  Probe (Chrono Boost)  
  49  4:05  Probe (Chrono Boost)  
  50  4:10  Robotics Facility  
  50  4:18  Probe (Chrono Boost)  
  50  4:20  Probe (Chrono Boost)  
  52  4:24  Pylon  
  52  4:27  Resonating Glaives (Chrono Boost)  
  52  4:31  Gateway  
  52  4:33  Protoss Ground Weapons Level 2 (Chrono Boost)  
  52  4:34  Gateway  
  52  4:35  Gateway, Probe (Chrono Boost)  
  52  4:36  Probe (Chrono Boost)  
  54  4:44  Probe  
  55  4:45  Probe  
  55  4:48  Probe  
  57  4:53  Adept  
  57  4:56  Probe  
  57  4:57  Warp Prism (Chrono Boost)  
  57  4:59  Probe  
  62  5:00  Probe  
  62  5:06  Pylon  
  64  5:12  Probe  
  64  5:14  Probe x2  
  67  5:21  Assimilator  
  67  5:23  Probe  
  67  5:26  Probe, Assimilator  
  69  5:32  Templar Archives  
  69  5:34  Immortal  
  73  5:39  Zealot x3  
  73  5:41  Sentry, Probe  
  82  5:42  Probe  
  82  5:43  Probe  
  84  5:50  Gateway  
  84  5:51  Gateway  
  84  5:53  Gateway  
  84  5:54  Charge  
  84  5:55  Gateway, Probe  
  85  5:58  Pylon  
  85  6:04  Pylon  
  85  6:05  Pylon  
  85  6:15  Probe  
  85  6:16  Probe  
  91  6:21  Immortal (Chrono Boost)  
  91  6:22  Protoss Ground Weapons Level 3  
  91  6:28  Probe  
  91  6:29  Probe x2  
  91  6:31  Pylon  
  94  6:35  High Templar x2  
  94  6:36  High Templar x2  
  102  6:44  Archon x2  
  102  6:47  Zealot  
  102  6:48  Zealot  
  102  6:50  Zealot x2  
  110  6:55  Pylon  
  110  6:56  Pylon  
  110  6:58  Pylon  
  114  7:03  Immortal (Chrono Boost)  
  114  7:05  Probe  
  114  7:07  Probe x2  
  117  7:13  Zealot  
  117  7:14  Zealot x6  
  117  7:15  Zealot  
  133  7:20  Pylon  
  133  7:21  Pylon  
  133  7:23  Pylon  
  133  7:26  Pylon  
  133  7:36  High Templar x4  
  141  7:40  Archon x2  
  145  7:46  High Templar  
  145  7:47  Immortal (Chrono Boost), High Templar  
  145  7:48  Zealot x2  
  145  7:51  Archon  
  153  7:53  Nexus  
  153  7:55  Pylon  
  153  8:01  Pylon  
  153  8:05  Gateway x2  
  153  8:13  Zealot  
  153  8:14  Zealot x3  
  161  8:21  High Templar  
  161  8:22  High Templar x2  
  161  8:24  High Templar  
  161  8:26  Archon  
  161  8:27  Immortal (Chrono Boost)  
  173  8:28  Archon  
  173  8:32  Probe  
  173  8:33  Probe x2  
  176  8:40  Assimilator  
  176  8:43  Probe  
  176  8:45  Probe, Protoss Ground Armor Level 1  
  176  8:46  Assimilator  
  178  8:53  Zealot x2  
  178  8:54  Zealot x3  
  188  9:06  Pylon x2  
  188  9:11  Probe  
  188  9:12  Probe x2  
  188  9:14  Zealot x4  
  199  9:28  Stargate  
  199  9:32  Stargate  
  199  9:46  Forge  
  199  10:05  Nexus  
Show
View Real Time Build Order
Export as new Build Order

A.I. 1 (Very Easy) Zerg 

Build Orders: Pool First 

Get SALT Encoding   

  12  0:00  Drone  
  13  0:12  Overlord  
  13  0:17  Drone  
  14  0:35  Spawning Pool  
  13  0:37  Drone  
  13  0:42  Extractor  
  13  0:44  Drone  
  14  0:51  Overlord  
  14  1:22  Queen  
  14  1:23  Zergling x2  
  17  1:29  Roach Warren  
  17  1:32  Extractor  
  15  1:35  Drone  
  16  1:42  Drone  
  17  1:49  Zergling x2  
  18  2:02  Drone  
  19  2:09  Drone  
  19  2:15  Zergling x2  
  21  2:18  Drone  
  22  2:28  Overlord  
  22  2:32  Drone  
  23  2:39  Drone  
  23  2:41  Roach  
  26  2:46  Drone  
  27  7:06  Drone  
  27  7:07  Lair, Roach  
  27  7:08  Overlord  
  30  7:12  Hatchery  
  30  7:13  Drone  
  25  7:44  Roach  
  27  8:04  Overseer  
  27  8:08  Overseer  
  27  8:21  Zergling x2  
  27  8:24  Drone  
  29  8:31  Drone  
  29  8:33  Extractor  
  29  8:35  Extractor  
  29  8:39  Drone  
  29  8:46  Drone  
  30  8:53  Drone  
  31  8:58  Roach  
  31  9:01  Drone  
  34  9:08  Drone  
  35  9:15  Drone  
  36  9:22  Drone  
  37  9:30  Drone  
  38  9:37  Drone  
  39  9:44  Drone  
  40  9:48  Zergling x2  
  40  9:51  Overlord, Overseer, Drone  
  35  9:58  Drone  
  36  10:06  Drone  
Tags
 
Add a new tag
Caveats
  • Supply blocks, unpowered buildings, or Contaminate may cause inaccurate times.
  • Supply counts are checked every 10 seconds.